AoeStats
← [CL] Al3jandr0.magn00

Arabia

504999096Analyzed
1v1 RM · 25d ago on Sep 7, 2026· 18m 43s· 2 players
Game mode
Random Map
Map size
Tiny (2 player)
Population
200
Speed
Normal
Resources
Standard
Victory
Conquest
Starting age
Dark Age
Ending age
Imperial Age
RankedLock teamsTeams togetherTeam positionsShared explorationLock speedFull tech treeHidden civsTurbo modeCheats
Victory
Defeat
🇦🇷 Japanese · Argentina
1921
+11
🇧🇷 Maya · Brazil
1817
-11
SSx_SnowwW
0:26 Loom
10:12 Feudal Age
10:40 Double-Bit Axe
11:55 Man-at-Arms
15:36 Horse Collar
16:48 Fletching
[CL] Al3jandr0.magn00
4:06 Loom
10:43 Feudal Age
11:07 Man-at-Arms
11:53 Double-Bit Axe
16:40 Fletching
17:05 Town Watch
18:41 Padded Archer Armor
Connection lost

Rejoining the realm…

Still unreachable

The connection could not be restored.

Session expired

The server has moved on; the page needs a fresh start.